[Event "January 2 Early 2024"]
[Site "https://www.chess.com"]
[Date "2024.01.02"]
[Round "7"]
[White "Floresvillar Gonzalez, Luis Migu"]
[Black "Gaboyan, Susanna"]
[Result "1-0"]
[Board "200"]
[TimeControl "180+1"]
[WhiteFideId "5100542"]
[BlackFideId "13303627"]
[WhiteElo "2161"]
[BlackElo "2360"]
[WhiteTeam "MEX"]
[BlackTeam "ARM"]
[WhiteClock "0:00:05"]
[BlackClock "0:00:00"]

1. d4 Nf6 2. c3 g6 3. Bg5 Bg7 4. Nd2 d5 5. f4 c5 6. e3 Nc6 7. Ngf3 Bf5 8. Be2 Ne4 9. Nxe4 Bxe4 10. O-O O-O 11. Bh4 cxd4 12. exd4 Qb6 13. Qb3 Qc7 14. Ne5 f6 15. Nxc6 bxc6 16. Bg3 e5 17. fxe5 fxe5 18. Rxf8+ Rxf8 19. Rf1 Rxf1+ 20. Bxf1 Qe7 21. Qb8+ Qf8 22. Qxf8+ Kxf8 23. dxe5 Ke7 24. Kf2 Ke6 25. Ke3 Bxe5 26. Bxe5 Kxe5 27. b4 h5 28. g3 g5 29. h4 gxh4 30. gxh4 Bf5 31. Be2 Bg6 32. a4 Be8 33. a5 Bg6 34. Ba6 Be8 35. Bc8 Bg6 36. Bd7 Kd6 37. Bh3 c5 38. b5 Be8 39. Bf1 c4 40. b6 axb6 41. axb6 Kc6 42. Kd4 Bf7 43. Bg2 Bg6 44. Bxd5+ Kxb6 45. Bxc4 Kc6 46. Be2 Bf7 47. Ke5 Kd7 48. Kf6 Ke8 49. Bd3 Kf8 50. Bg6 Bb3 51. Bxh5 Kg8 52. Bg6 Kh8 53. h5 Bc4 54. h6 Bb3 55. Bf5 Bc4 56. Ke5 Bb3 57. Be6 Ba4 58. c4 Be8 59. c5 Bc6 60. Bf5 Kg8 61. Kd6 1-0

[Event "January 2 Early 2024"]
[Site "https://www.chess.com"]
[Date "2024.01.02"]
[Round "7"]
[White "Agrest, Inna"]
[Black "Petersson, Kjell"]
[Result "1-0"]
[Board "201"]
[TimeControl "180+1"]
[WhiteFideId "1708830"]
[BlackFideId "1705148"]
[WhiteElo "2349"]
[BlackElo "2143"]
[WhiteTeam "SWE"]
[BlackTeam "SWE"]
[WhiteClock "0:01:12"]
[BlackClock "0:00:19"]

1. e4 c5 2. Nf3 d6 3. d4 cxd4 4. Nxd4 Nf6 5. Nc3 g6 6. Be3 Bg7 7. f3 O-O 8. Qd2 Nc6 9. Bc4 Nd7 10. Bb3 Nb6 11. h4 Na5 12. Qe2 a6 13. f4 e5 14. fxe5 dxe5 15. Nf3 Nxb3 16. axb3 h5 17. Qf2 Nd7 18. O-O-O b5 19. Nd5 a5 20. Bb6 Nxb6 21. Nxb6 Qe7 22. Nxa8 a4 23. Nb6 Be6 24. Nd5 Qb7 25. b4 a3 26. bxa3 Ra8 27. Kb2 Bxd5 28. Rxd5 f5 29. Rhd1 fxe4 30. Ng5 e3 31. Rd8+ 1-0

[Event "January 2 Early 2024"]
[Site "https://www.chess.com"]
[Date "2024.01.02"]
[Round "7"]
[White "Viana, Valeria"]
[Black "Li, Eric"]
[Result "0-1"]
[Board "202"]
[TimeControl "180+1"]
[WhiteFideId "8407100"]
[BlackFideId "30939941"]
[WhiteElo "2128"]
[BlackElo "2342"]
[WhiteTeam "HON"]
[BlackTeam "USA"]
[WhiteClock "0:00:53"]
[BlackClock "0:01:04"]

1. e4 c5 2. Nf3 d6 3. Bb5+ Nd7 4. d4 cxd4 5. Qxd4 a6 6. Bxd7+ Bxd7 7. Bg5 h6 8. Bh4 Rc8 9. O-O e5 10. Bxd8 exd4 11. Bb6 Rxc2 12. Bxd4 Ne7 13. Bc3 Bc6 14. Nbd2 d5 15. Rfe1 dxe4 16. Nxe4 Bxe4 17. Rxe4 f5 18. Re6 Kf7 19. Rae1 Nd5 20. R6e5 Nxc3 21. Rxf5+ Kg6 22. Nh4+ Kh7 23. bxc3 Rxa2 24. Rf7 Rb2 25. g3 a5 26. Re8 Bc5 27. Rxh8+ Kxh8 28. Kg2 a4 29. Ng6+ Kh7 30. Ne5 a3 31. Nd3 a2 32. Nxb2 a1=Q 33. Nd3 Qxc3 34. Nxc5 Qxc5 0-1

[Event "January 2 Early 2024"]
[Site "https://www.chess.com"]
[Date "2024.01.02"]
[Round "7"]
[White "Zepeda Berlanga, Jan Enrique"]
[Black "Mesa Cruz, Juan Carlos"]
[Result "0-1"]
[Board "203"]
[TimeControl "180+1"]
[WhiteFideId "5132355"]
[BlackFideId "6423400"]
[WhiteElo "1954"]
[BlackElo "2294"]
[WhiteTeam "MEX"]
[BlackTeam "DOM"]
[WhiteClock "0:00:07"]
[BlackClock "0:01:36"]

1. e4 c5 2. Nf3 d6 3. Bc4 Nf6 4. Nc3 e6 5. O-O a6 6. a4 Be7 7. Re1 O-O 8. d4 cxd4 9. Nxd4 Qc7 10. Bd3 Nbd7 11. f4 Nc5 12. Be3 g6 13. Bf2 e5 14. fxe5 dxe5 15. Nf3 Ng4 16. Nd5 Qd8 17. b4 Nxf2 18. Kxf2 Nxd3+ 19. Qxd3 Bxb4 20. Nxb4 Qb6+ 21. Kf1 Qxb4 22. Nxe5 Be6 23. Reb1 Qc5 24. Qg3 Rfe8 25. Rc1 Qxe5 0-1

[Event "January 2 Early 2024"]
[Site "https://www.chess.com"]
[Date "2024.01.02"]
[Round "8"]
[White "Mamedyarov, Shakhriyar"]
[Black "Sadhwani, Raunak"]
[Result "1-0"]
[Board "1"]
[TimeControl "180+1"]
[WhiteFideId "13401319"]
[BlackFideId "35093487"]
[WhiteElo "3076"]
[BlackElo "3086"]
[WhiteTeam "AZE"]
[BlackTeam "IND"]
[WhiteClock "0:00:23"]
[BlackClock "0:00:07"]

1. d4 Nf6 2. Bg5 d5 3. Nd2 c5 4. dxc5 e6 5. e4 Bxc5 6. e5 h6 7. Bh4 g5 8. Bg3 Nfd7 9. h4 gxh4 10. Rxh4 Nc6 11. Ngf3 Ncxe5 12. Bb5 Ng6 13. Rh1 Qf6 14. c3 a6 15. Ba4 h5 16. Qe2 h4 17. Bh2 Nf4 18. Bxf4 Qxf4 19. c4 dxc4 20. g3 Qf6 21. Ne4 Bb4+ 22. Kf1 Qg7 23. Qxc4 Be7 24. Rd1 hxg3 25. Rxh8+ Qxh8 26. Nxg3 b5 27. Qc6 Rb8 28. Bb3 Qh3+ 29. Kg1 Qg4 30. Ne5 1-0

[Event "January 2 Early 2024"]
[Site "https://www.chess.com"]
[Date "2024.01.02"]
[Round "8"]
[White "Meier, Georg"]
[Black "Nakamura, Hikaru"]
[Result "0-1"]
[Board "2"]
[TimeControl "180+1"]
[WhiteFideId "4675789"]
[BlackFideId "2016192"]
[WhiteElo "3024"]
[BlackElo "3235"]
[WhiteTeam "URU"]
[BlackTeam "USA"]
[WhiteClock "0:00:00"]
[BlackClock "0:00:06"]

1. Nf3 g6 2. d4 Nf6 3. g3 b6 4. Bg2 Bb7 5. O-O c5 6. c4 cxd4 7. Qxd4 d6 8. Nc3 Nbd7 9. Rd1 Bg7 10. Be3 Rc8 11. Rac1 O-O 12. Qh4 Rc7 13. Nb5 Rc8 14. Nc3 a6 15. b3 Rc7 16. Bh3 Qa8 17. Nd5 Bxd5 18. cxd5 Rxc1 19. Bxc1 Nc5 20. Bh6 Nxd5 21. Bxg7 Kxg7 22. b4 Na4 23. Rc1 b5 24. a3 Qb8 25. Nd4 Nf6 26. Qg5 Kh8 27. Qe3 Re8 28. Nc6 Qb7 29. Bg2 Qd7 30. Nd4 Qa7 31. Qd2 Nb6 32. Nc6 Qd7 0-1

[Event "January 2 Early 2024"]
[Site "https://www.chess.com"]
[Date "2024.01.02"]
[Round "8"]
[White "Corrales Jimenez, Fidel"]
[Black "Vachier-Lagrave, Maxime"]
[Result "0-1"]
[Board "3"]
[TimeControl "180+1"]
[WhiteFideId "3506690"]
[BlackFideId "623539"]
[WhiteElo "2941"]
[BlackElo "3187"]
[WhiteTeam "USA"]
[BlackTeam "FRA"]
[WhiteClock "0:00:01"]
[BlackClock "0:00:12"]

1. e4 c5 2. Nf3 d6 3. Bb5+ Bd7 4. Bxd7+ Qxd7 5. c4 Nc6 6. Nc3 g6 7. d4 cxd4 8. Nxd4 Bg7 9. Nde2 Nf6 10. O-O Qe6 11. Nd5 Qxe4 12. Nc7+ Kd7 13. Nxa8 Qxc4 14. Be3 Rxa8 15. Rc1 Qxa2 16. Nd4 Qd5 17. Qa4 e5 18. Nxc6 bxc6 19. Rfd1 Qb5 20. Qh4 h5 21. Qh3+ Ke7 22. Bg5 Rd8 23. Qf3 c5 24. Rc3 Rd7 25. Rcd3 Qxb2 26. Qa8 c4 27. R3d2 Qb7 28. Qg8 Ke6 29. Qxg7 Ne4 30. h4 c3 31. Re2 Qb3 32. Rc1 d5 33. f3 Qb6+ 34. Kh2 f6 35. fxe4 Rxg7 36. exd5+ Kxd5 37. Be3 Qb4 38. Rf2 Qxh4+ 39. Kg1 Rc7 40. Ra2 c2 41. Ra6 Qe4 42. Kf2 f5 43. Ra5+ Ke6 44. Ra6+ Rc6 45. Bh6 Rxa6 0-1

[Event "January 2 Early 2024"]
[Site "https://www.chess.com"]
[Date "2024.01.02"]
[Round "8"]
[White "Firouzja, Alireza"]
[Black "Klimkowski, Jan"]
[Result "1-0"]
[Board "4"]
[TimeControl "180+1"]
[WhiteFideId "12573981"]
[BlackFideId "21856222"]
[WhiteElo "3158"]
[BlackElo "2934"]
[WhiteTeam "FRA"]
[BlackTeam "POL"]
[WhiteClock "0:00:15"]
[BlackClock "0:00:00"]

1. d4 Nf6 2. Bg5 e6 3. e4 h6 4. Bxf6 Qxf6 5. Qd2 d5 6. e5 Qd8 7. f4 c5 8. c3 Nc6 9. Nf3 Bd7 10. Be2 g5 11. O-O g4 12. Ne1 h5 13. dxc5 Bxc5+ 14. Kh1 Qb6 15. Nd3 Be3 16. Qe1 Ne7 17. Na3 Nf5 18. Nc2 Rc8 19. a4 a5 20. b4 axb4 21. Ndxb4 Qc5 22. Bd3 d4 23. Bxf5 exf5 24. cxd4 Bxd4 25. Nxd4 Qxd4 26. Rd1 Qc5 27. Nd5 Be6 28. Nf6+ Kf8 29. Qh4 Qb4 30. Qg5 Qxa4 31. Nxh5 Rg8 32. Qh6+ Ke7 33. Qf6+ Kf8 34. Rd8+ Rxd8 35. Qxd8+ Qe8 36. Qxe8+ Kxe8 37. Nf6+ Kf8 38. Nxg8 Kxg8 39. Rb1 Bd5 40. Kg1 Kg7 41. Kf2 f6 42. exf6+ Kxf6 43. h4 gxh3 44. gxh3 Kg6 45. Rg1+ Kh6 46. Ke3 b5 47. Kd4 Bb3 48. Rg3 Bc2 49. Rc3 1-0

[Event "January 2 Early 2024"]
[Site "https://www.chess.com"]
[Date "2024.01.02"]
[Round "8"]
[White "Vasquez Schroeder, Rodrigo"]
[Black "Aronian, Levon"]
[Result "0-1"]
[Board "5"]
[TimeControl "180+1"]
[WhiteFideId "3400042"]
[BlackFideId "13300474"]
[WhiteElo "2930"]
[BlackElo "3108"]
[WhiteTeam "CHI"]
[BlackTeam "USA"]
[WhiteClock "0:00:00"]
[BlackClock "0:00:14"]

1. e4 c5 2. Nf3 e6 3. d4 cxd4 4. Nxd4 Nc6 5. Nb5 d6 6. c4 Nf6 7. N1c3 a6 8. Na3 Be7 9. Be2 O-O 10. O-O b6 11. Be3 Bb7 12. Rc1 Rc8 13. Qd2 Ne5 14. f3 Qc7 15. Rfd1 Ned7 16. Kh1 Qb8 17. Bf1 Kh8 18. Bf4 Ne5 19. Be3 Ba8 20. Qd4 Nfd7 21. Rc2 Rc7 22. Qd2 Rfc8 23. Qf2 Nc6 24. Rcd2 Nb4 25. Bf4 Ne5 26. Na4 Rb7 27. Nc3 Nbc6 28. h3 Na5 29. Qg3 h6 30. b3 b5 31. Ncxb5 axb5 32. Nxb5 Rb6 33. Nxd6 Bxd6 34. Rxd6 Ng6 35. Rxb6 Qxb6 36. Bd6 Nc6 37. e5 Qa5 38. Qf2 Ngxe5 39. a3 Ng6 40. Qb2 Nce5 41. b4 Qa4 42. Rc1 f6 43. c5 Nxf3 44. gxf3 Bxf3+ 45. Bg2 Qc6 46. Rf1 Bd5 47. Qf2 Nh4 48. Bxd5 Qxd5+ 49. Kh2 Nf5 50. Bf4 Qb3 51. Qf3 Qa4 52. Rd1 Nh4 53. Qe2 Qxa3 54. Qxe6 Ra8 55. Qc6 Qb2+ 56. Rd2 Qa3 57. Rf2 Rd8 58. Bxh6 Rd3 59. Bxg7+ Kg8 60. Qe6+ Kh7 61. Qe4+ Kxg7 62. Qxh4 Qc3 63. Qg4+ Kf7 64. Re2 Rd2 65. Qe6+ Kg7 66. Qg4+ Kf7 67. Rxd2 Qxd2+ 68. Kg3 Qc3+ 69. Kh4 Qe1+ 70. Kh5 Qe5+ 71. Kh6 Qe3+ 72. Kh7 Qd3+ 73. Kh6 Qe3+ 74. Kh5 Qe5+ 75. Kh4 Qe1+ 76. Qg3 Qxb4+ 77. Qg4 Qe1+ 0-1

[Event "January 2 Early 2024"]
[Site "https://www.chess.com"]
[Date "2024.01.02"]
[Round "8"]
[White "Duda, Jan-Krzysztof"]
[Black "Pranav Anand"]
[Result "1-0"]
[Board "6"]
[TimeControl "180+1"]
[WhiteFideId "1170546"]
[BlackFideId "46626786"]
[WhiteElo "3044"]
[BlackElo "2929"]
[WhiteTeam "POL"]
[BlackTeam "IND"]
[WhiteClock "0:00:07"]
[BlackClock "0:00:13"]

1. e4 e5 2. Nf3 Nc6 3. Bb5 a6 4. Ba4 Nf6 5. d3 d6 6. c4 g6 7. Nc3 Bg7 8. h3 O-O 9. Be3 Bd7 10. O-O Nh5 11. d4 exd4 12. Nxd4 Nxd4 13. Bxd7 Ne6 14. Ba4 Nhf4 15. Bc2 Be5 16. g3 Nh5 17. Kg2 Nhg7 18. Qd2 f5 19. f4 Bf6 20. g4 fxg4 21. hxg4 g5 22. f5 Nf4+ 23. Bxf4 gxf4 24. Qxf4 Bg5 25. Qg3 Ne8 26. Rad1 Qe7 27. e5 dxe5 28. Ne4 Nd6 29. Nxd6 cxd6 30. Be4 h6 31. Qd3 Rac8 32. b3 Rf6 33. Qd5+ Kg7 34. Qxb7 Rc7 35. Qd5 Qe8 36. Rh1 Qb8 37. Rh5 Qb6 38. Rxg5+ hxg5 39. Qd2 Kf7 40. Qxg5 Rc8 41. Bd5+ 1-0

[Event "January 2 Early 2024"]
[Site "https://www.chess.com"]
[Date "2024.01.02"]
[Round "8"]
[White "Svane, Frederik"]
[Black "Bindrich, Falko"]
[Result "1/2-1/2"]
[Board "7"]
[TimeControl "180+1"]
[WhiteFideId "12923044"]
[BlackFideId "4676670"]
[WhiteElo "3038"]
[BlackElo "2826"]
[WhiteTeam "GER"]
[BlackTeam "GER"]
[WhiteClock "0:00:02"]
[BlackClock "0:00:12"]

1. e4 e5 2. Nf3 Nc6 3. Bb5 a6 4. Ba4 Nf6 5. O-O Be7 6. d3 b5 7. Bb3 d6 8. a3 Bd7 9. Nc3 O-O 10. Be3 Na5 11. Ba2 c5 12. h3 Nc6 13. Nd5 Rb8 14. c3 h6 15. b4 a5 16. Nxf6+ Bxf6 17. bxc5 dxc5 18. Bxc5 Re8 19. Re1 Qc7 20. d4 Rbd8 21. Qb3 Bc8 22. Rad1 Ba6 23. a4 b4 24. d5 Ne7 25. cxb4 axb4 26. Bxb4 Ng6 27. d6 Qd7 28. Rc1 Rc8 29. Ba5 Nf4 30. Rc7 Rxc7 31. dxc7 Ne2+ 32. Kh2 Nd4 33. Qd5 Qe7 34. Nxd4 exd4 35. f4 Bh4 36. Rd1 d3 37. Qc6 Bc8 38. Rxd3 Rf8 39. Rd8 Qa3 40. Qc4 Bg3+ 41. Kh1 Bxf4 42. Bb4 Qg3 43. Rxf8+ Kh7 44. Kg1 Be3+ 45. Kh1 Bf4 46. Kg1 Be3+ 47. Kh1 Bf4 1/2-1/2

[Event "January 2 Early 2024"]
[Site "https://www.chess.com"]
[Date "2024.01.02"]
[Round "8"]
[White "Carlsen, Magnus"]
[Black "Zhigalko, Sergei"]
[Result "1-0"]
[Board "8"]
[TimeControl "180+1"]
[WhiteFideId "1503014"]
[BlackFideId "13502956"]
[WhiteElo "3363"]
[BlackElo "2908"]
[WhiteTeam "NOR"]
[BlackTeam "BLR"]
[WhiteClock "0:01:42"]
[BlackClock "0:00:00"]

1. h4 e5 2. d4 exd4 3. Qxd4 Nc6 4. Qa4 Nf6 5. Nf3 d5 6. Bf4 Bd6 7. e3 O-O 8. Nc3 Bb4 9. Bb5 Bd7 10. O-O Bxc3 11. bxc3 a6 12. Be2 Ne4 13. Qb3 Na5 14. Qa3 c5 15. Rfd1 Bb5 16. Bd3 Nc4 17. Qb3 Na5 18. Qb2 Nc4 19. Bxc4 Bxc4 20. Nd2 Nxd2 21. Rxd2 b5 22. h5 Qf6 23. a4 b4 24. Rdd1 h6 25. Rab1 bxc3 26. Qb6 Qf5 27. Qxc5 Qxc2 28. Be5 Rac8 29. Qd4 Bb3 30. Rdc1 Qd2 31. Qg4 f6 32. Bxf6 Rc7 33. Rxc3 Rxf6 34. Rxc7 Qxf2+ 35. Kh2 1-0

[Event "January 2 Early 2024"]
[Site "https://www.chess.com"]
[Date "2024.01.02"]
[Round "8"]
[White "Paravyan, David"]
[Black "Donchenko, Alexander"]
[Result "1/2-1/2"]
[Board "9"]
[TimeControl "180+1"]
[WhiteFideId "4194985"]
[BlackFideId "24603295"]
[WhiteElo "3097"]
[BlackElo "2934"]
[WhiteTeam "FID"]
[BlackTeam "GER"]
[WhiteClock "0:00:04"]
[BlackClock "0:00:06"]

1. e4 c6 2. d4 d5 3. Nd2 dxe4 4. Nxe4 Bf5 5. Ng3 Bg6 6. Nf3 Nd7 7. Bd3 e6 8. O-O Ngf6 9. Bg5 Be7 10. Bxg6 hxg6 11. Qe2 Nd5 12. Bd2 Qc7 13. c4 N5f6 14. Rac1 O-O-O 15. d5 e5 16. Ng5 Rhf8 17. f4 Kb8 18. fxe5 Nxe5 19. Bf4 Rde8 20. Kh1 Nfd7 21. N5e4 f5 22. d6 Bxd6 23. Nxd6 Qxd6 24. Rcd1 Qe6 25. Rfe1 Ka8 26. h3 Qf7 27. Qd2 a6 28. b3 Re6 29. Re3 Rfe8 30. Ne2 Nc5 31. Nc3 g5 32. Bxg5 f4 33. Rxe5 Rxe5 34. Bxf4 Rf5 35. Bg3 Rf1+ 36. Rxf1 Qxf1+ 37. Kh2 Qd3 38. Qg5 Qxc3 39. Qxc5 Rd8 40. Bf2 Kb8 41. Qa7+ Kc8 42. Qa8+ Kc7 43. Bb6+ Kxb6 44. Qxd8+ Ka7 45. Qc7 Qb2 46. c5 Qxa2 47. Qb6+ Ka8 48. Qd8+ Ka7 49. Qb6+ Ka8 50. Qd8+ Ka7 51. b4 Qc4 52. Qb6+ Ka8 53. Qd8+ Ka7 54. Qd2 Qe4 55. Qc3 g5 56. Kg1 Qf4 57. Qa3 Qd4+ 58. Kh1 Qf4 59. Qa5 Qc1+ 60. Kh2 Qf4+ 61. Kh1 Qf1+ 62. Kh2 Qf4+ 63. Kh1 1/2-1/2

[Event "January 2 Early 2024"]
[Site "https://www.chess.com"]
[Date "2024.01.02"]
[Round "8"]
[White "Kukhmazov, Arsen"]
[Black "Movahed, Sina"]
[Result "0-1"]
[Board "10"]
[TimeControl "180+1"]
[WhiteFideId "24108260"]
[BlackFideId "42520835"]
[WhiteElo "2880"]
[BlackElo "3005"]
[WhiteTeam "FID"]
[BlackTeam "IRI"]
[WhiteClock "0:00:00"]
[BlackClock "0:00:08"]

1. d4 Nf6 2. c4 g6 3. Nf3 Bg7 4. g3 O-O 5. Bg2 d6 6. O-O Nbd7 7. Nc3 e5 8. h3 a6 9. dxe5 dxe5 10. Be3 Qe7 11. Qb3 c6 12. Rfd1 Re8 13. Rd2 b5 14. Qc2 h6 15. Rad1 Rb8 16. Ne1 Bb7 17. cxb5 cxb5 18. Bxb7 Rxb7 19. Nd5 Nxd5 20. Rxd5 Nf6 21. Rd6 e4 22. Rxa6 Rd7 23. Rxd7 Qxd7 24. Kh2 Nd5 25. Qb3 Rc8 26. Ng2 g5 27. Ra7 Qf5 28. Rb7 Nxe3 29. Qxe3 Bxb2 30. Qb6 Bg7 31. Rb8 Rxb8 32. Qxb8+ Kh7 33. Qb6 h5 34. Qe3 Qd5 35. a3 Bd4 36. Qd2 Qe5 37. e3 Bc3 38. Qd7 Kg7 39. h4 Qf6 40. hxg5 Qxf2 41. Qxb5 Qf3 42. Nh4 Qf2+ 43. Ng2 Qf3 44. Kh3 Qd1 45. Kh2 Qd2 46. Qf5 Qd3 47. Nf4 Qxe3 48. Nxh5+ Kf8 49. Qc8+ Ke7 50. Qc7+ Ke8 51. Ng7+ Bxg7 52. Qc8+ Ke7 53. Qc7+ Ke6 54. Qc6+ Kf5 55. Qd5+ Kg6 56. Qc6+ Kh7 0-1

[Event "January 2 Early 2024"]
[Site "https://www.chess.com"]
[Date "2024.01.02"]
[Round "8"]
[White "Gokerkan, Cem Kaan"]
[Black "Salem, A.R. Saleh"]
[Result "1-0"]
[Board "11"]
[TimeControl "180+1"]
[WhiteFideId "6336760"]
[BlackFideId "9301348"]
[WhiteElo "2843"]
[BlackElo "2995"]
[WhiteTeam "TUR"]
[BlackTeam "UAE"]
[WhiteClock "0:00:06"]
[BlackClock "0:00:00"]

1. e4 e5 2. Nf3 Nc6 3. Bc4 Nf6 4. Ng5 d5 5. exd5 Na5 6. Bb5+ c6 7. dxc6 bxc6 8. Bd3 Nd5 9. Nf3 Bd6 10. O-O Nf4 11. Re1 Nxd3 12. cxd3 O-O 13. Nc3 c5 14. b3 Re8 15. Ne4 Bc7 16. Nxc5 Bg4 17. Bb2 Nc6 18. h3 Bh5 19. Rc1 Rc8 20. Re3 Bb6 21. a3 Qd5 22. b4 f6 23. d4 e4 24. b5 Na5 25. Nxe4 Rxc1 26. Qxc1 Rxe4 27. Qc8+ Kf7 28. Ne5+ Rxe5 29. Rxe5 fxe5 30. Qf5+ Kg8 31. Qxh5 Qxb5 32. dxe5 g6 33. Qg4 Qc4 34. Qd7 Qf7 35. Qc8+ Qf8 36. Qe6+ Kg7 37. Qd7+ Kh6 38. d4 Nc4 39. Bc1+ g5 40. Qe6+ Kg7 41. Bxg5 Qb8 42. Bf6+ Kg6 43. Qxc4 Qb7 44. d5 Ba5 45. Qg4+ 1-0

[Event "January 2 Early 2024"]
[Site "https://www.chess.com"]
[Date "2024.01.02"]
[Round "8"]
[White "Rustemov, Alexander"]
[Black "Navara, David"]
[Result "1/2-1/2"]
[Board "12"]
[TimeControl "180+1"]
[WhiteFideId "4119002"]
[BlackFideId "309095"]
[WhiteElo "2871"]
[BlackElo "2992"]
[WhiteTeam "RUS"]
[BlackTeam "CZE"]
[WhiteClock "0:00:06"]
[BlackClock "0:00:03"]

1. d4 Nf6 2. c4 e6 3. Nf3 b6 4. a3 Bb7 5. Nc3 d5 6. Bg5 Be7 7. Bxf6 Bxf6 8. cxd5 exd5 9. Qa4+ c6 10. g3 O-O 11. Bg2 Re8 12. O-O Nd7 13. e3 g6 14. Rac1 Bg7 15. Ne1 a5 16. Nd3 h5 17. h4 Nf8 18. Qb3 Ne6 19. Na4 Ba6 20. Rfd1 Bb5 21. Qc2 Rc8 22. Nc3 Bc4 23. Ne5 Bxe5 24. dxe5 Nc5 25. b4 axb4 26. axb4 Na6 27. Qb2 Rxe5 28. b5 cxb5 29. Nxb5 Re7 30. Rb1 Nc5 31. Nd4 b5 32. Nxb5 Rb7 33. Qe5 Rxb5 34. Rxb5 Bxb5 35. Bxd5 Bd3 36. e4 Qb6 37. Qd4 Qa6 38. Rc1 Qd6 39. Rxc5 Qxc5 40. Qxd3 Qc3 41. Qe2 Kg7 42. Kg2 Rb8 43. Qf3 Qxf3+ 44. Kxf3 Rb2 45. Kg2 Kf6 46. Kf3 Ke7 47. Ke3 f6 48. f4 Kd6 49. Bf7 g5 50. hxg5 fxg5 51. Bxh5 Rb3+ 52. Kf2 gxf4 53. gxf4 Ra3 54. Bf3 Ke6 55. Kg3 Kf6 56. Kg4 Ra5 57. Kg3 Ra3 58. Kf2 Ra2+ 59. Kg3 Ra3 1/2-1/2

[Event "January 2 Early 2024"]
[Site "https://www.chess.com"]
[Date "2024.01.02"]
[Round "8"]
[White "Kramnik, Vladimir"]
[Black "Moskalenko, Alexander"]
[Result "1-0"]
[Board "13"]
[TimeControl "180+1"]
[WhiteFideId "4101588"]
[BlackFideId "4155351"]
[WhiteElo "2988"]
[BlackElo "2839"]
[WhiteTeam "RUS"]
[BlackTeam "RUS"]
[WhiteClock "0:00:45"]
[BlackClock "0:00:02"]

1. e4 c5 2. Nf3 e6 3. b3 b6 4. Bb2 Bb7 5. Nc3 Nc6 6. d4 cxd4 7. Nxd4 Bc5 8. Nxc6 Qf6 9. Qd2 Bxc6 10. Na4 e5 11. Nxc5 bxc5 12. f4 Qh4+ 13. g3 Qe7 14. O-O-O Nf6 15. Bg2 Nxe4 16. Bxe4 Bxe4 17. Rhe1 f5 18. Bxe5 d5 19. g4 O-O 20. gxf5 Qh4 21. Rxe4 dxe4 22. Qd5+ Kh8 23. Rg1 Rg8 24. Bxg7+ 1-0

[Event "January 2 Early 2024"]
[Site "https://www.chess.com"]
[Date "2024.01.02"]
[Round "8"]
[White "Pranesh M"]
[Black "Bartel, Mateusz"]
[Result "1-0"]
[Board "14"]
[TimeControl "180+1"]
[WhiteFideId "35028600"]
[BlackFideId "1112635"]
[WhiteElo "2982"]
[BlackElo "2818"]
[WhiteTeam "IND"]
[BlackTeam "POL"]
[WhiteClock "0:00:22"]
[BlackClock "0:00:07"]

1. e4 e5 2. Nf3 d6 3. d4 exd4 4. Nxd4 Nf6 5. Bd3 Be7 6. O-O O-O 7. c4 Nc6 8. Nxc6 bxc6 9. Nc3 Nd7 10. b3 Bf6 11. Bb2 Nc5 12. Bc2 Re8 13. Re1 Rb8 14. Qd2 Be6 15. Nd1 Bxb2 16. Nxb2 Qf6 17. Rab1 Bd7 18. Nd1 Ne6 19. f3 Qd4+ 20. Qe3 c5 21. Bd3 f5 22. Qxd4 Nxd4 23. Nc3 Kf7 24. Kf2 c6 25. Rbd1 Rbd8 26. exf5 Bxf5 27. Rxe8 Rxe8 28. Bxf5 Nxf5 29. Ne4 Ke7 30. Nc3 Kd7 31. Rd3 h6 32. Ne2 Ne7 33. Nc3 Rb8 34. f4 Nf5 35. Ne2 Rf8 36. g4 Ne7 37. Kg3 d5 38. Nc3 Ke6 39. f5+ Ke5 40. Re3+ Kd4 41. Kf3 Nxf5 42. Ne2# 1-0

[Event "January 2 Early 2024"]
[Site "https://www.chess.com"]
[Date "2024.01.02"]
[Round "8"]
[White "Kovalev, Vladislav"]
[Black "Zou, Chen"]
[Result "1/2-1/2"]
[Board "15"]
[TimeControl "180+1"]
[WhiteFideId "13504398"]
[BlackFideId "8610959"]
[WhiteElo "2946"]
[BlackElo "2777"]
[WhiteTeam "FID"]
[BlackTeam "CHN"]
[WhiteClock "0:00:05"]
[BlackClock "0:00:08"]

1. e4 c5 2. Nf3 d6 3. Bb5+ Nd7 4. O-O a6 5. Bd3 Ngf6 6. c3 b5 7. a4 Bb7 8. a5 e6 9. Re1 Be7 10. b3 O-O 11. c4 Ne5 12. Nxe5 dxe5 13. Bc2 Qc7 14. Nc3 bxc4 15. bxc4 Rab8 16. d3 Bc6 17. Be3 Nd7 18. Ba4 Rfd8 19. Bxc6 Qxc6 20. Qc2 h6 21. f3 Rb4 22. Na2 Rb7 23. Reb1 Rdb8 24. Nc1 Bd8 25. Rxb7 Qxb7 26. Ra3 Qb4 27. Qc3 Qxc3 28. Rxc3 Rb1 29. Rb3 Rxb3 30. Nxb3 Be7 31. g4 Kf8 32. Kf2 Ke8 33. Kg3 Kd8 34. h4 Kc7 35. h5 Kc6 36. Kf2 Bd8 37. Ke2 Be7 38. Kd2 Bd8 39. Kc2 Kd6 40. Kb2 Kc6 41. Ka3 Be7 42. Ka4 Bh4 43. Nc1 Bd8 44. Ne2 Kd6 45. Ng1 Nb8 46. Bd2 Nc6 47. Bc3 Nd4 48. Bxd4 exd4 49. f4 Bh4 50. Nf3 Bg3 51. f5 Kd7 52. Kb3 Kd6 53. Kc2 Kd7 54. Kd1 Bc7 55. g5 f6 56. gxh6 gxh6 57. fxe6+ Kxe6 58. Nh4 Bf4 59. Nf5 Bg5 60. Ke2 Ke5 61. Kf3 Bd2 62. Kg4 Ke6 63. Kf3 Ke5 64. Ke2 Bg5 65. Ne7 Kd6 66. Nf5+ Ke6 67. Ng7+ Ke5 68. Kd1 Kd6 69. Nf5+ Ke5 70. Ne7 Ke6 71. Nc8 Kd7 72. Nb6+ Kc6 73. Nd5 Kd6 74. Ke2 Kc6 75. Ne7+ Kd6 76. Nf5+ Ke5 1/2-1/2

[Event "January 2 Early 2024"]
[Site "https://www.chess.com"]
[Date "2024.01.02"]
[Round "8"]
[White "Baskakov, Egor"]
[Black "Travadon, Loic"]
[Result "1-0"]
[Board "16"]
[TimeControl "180+1"]
[WhiteFideId "24197866"]
[BlackFideId "26092131"]
[WhiteElo "2941"]
[BlackElo "2309"]
[WhiteTeam "RUS"]
[BlackTeam "FRA"]
[WhiteClock "0:00:18"]
[BlackClock "0:00:05"]

1. e4 e5 2. Nc3 Nf6 3. g3 Bc5 4. Bg2 d6 5. h3 a6 6. Nge2 Nc6 7. d3 Be6 8. Nd5 Nd4 9. O-O Nxe2+ 10. Qxe2 c6 11. Nxf6+ Qxf6 12. Kh2 g5 13. Be3 h5 14. Qd2 Bxe3 15. fxe3 Qe7 16. a4 h4 17. g4 b6 18. Rf2 O-O 19. Raf1 f6 20. Ra1 Kg7 21. Ra3 b5 22. Rf1 Qb7 23. axb5 axb5 24. Rfa1 Rxa3 25. Rxa3 b4 26. Ra4 Rb8 27. Qc1 Qb6 28. Kg1 Bg8 29. Kf2 d5 30. b3 Bf7 31. Qb2 Qc5 32. Qa2 d4 33. Qb2 dxe3+ 34. Ke2 Rb5 35. Ra6 Qd6 36. Kxe3 Rc5 37. Bf1 Rc3 38. Kf3 Qc5 39. Ra2 Qg1 40. Bg2 Qd1+ 41. Kf2 Qd2+ 42. Kg1 c5 43. Qb1 Qe3+ 44. Kh1 Bxb3 45. Ra7+ Kg6 46. Qf1 Rxc2 47. Qf5+ Kh6 48. Qh7# 1-0

[Event "January 2 Early 2024"]
[Site "https://www.chess.com"]
[Date "2024.01.02"]
[Round "8"]
[White "Goltsev, Dmitry"]
[Black "Martinez Alcantara, Jose Eduardo"]
[Result "0-1"]
[Board "17"]
[TimeControl "180+1"]
[WhiteFideId "24176710"]
[BlackFideId "3805662"]
[WhiteElo "2752"]
[BlackElo "3050"]
[WhiteTeam "RUS"]
[BlackTeam "PER"]
[WhiteClock "0:00:06"]
[BlackClock "0:00:16"]

1. e4 c5 2. Nf3 d6 3. d4 cxd4 4. Nxd4 a6 5. Nc3 e6 6. Be2 Nf6 7. O-O b5 8. a3 Bb7 9. f3 Nbd7 10. Be3 Be7 11. Qd2 O-O 12. Rfd1 Rc8 13. Rac1 Ne5 14. Qe1 Qc7 15. Qf2 Ned7 16. Nb3 d5 17. exd5 Nxd5 18. Nxd5 Bxd5 19. Nd2 Ne5 20. f4 Nc4 21. Nxc4 bxc4 22. Bd4 Rfd8 23. c3 Qc6 24. Rf1 g6 25. Bf3 Rb8 26. Rc2 Bxf3 27. Qxf3 Qd5 28. Qxd5 Rxd5 29. Rff2 f6 30. Rfe2 Kf7 31. g3 h6 32. Kf2 g5 33. Kf3 Rc8 34. Re4 Rc6 35. Rce2 Bd8 36. h4 gxh4 37. gxh4 Rh5 38. Kg4 Rb5 39. Kf3 Rd5 40. Rg2 Be7 41. Re1 Bf8 42. Reg1 Rf5 43. Ke4 Rc8 44. Rg6 Rb8 45. R6g2 Rh5 46. Rg6 Rf5 47. R6g2 Rbb5 48. Be3 Rh5 49. Bf2 Rbd5 50. Bd4 Rxh4 51. Kf3 Rf5 52. Be3 Rh3+ 53. Ke4 Rd5 54. Rd2 f5# 0-1